| TOP OF THE 1ST |
|
Louisiana State University Tigers batting - Pitching for Florida State University Seminoles : RHP Greg Wilkinson
|
|
Pitching: RHP Greg Wilkinson
|
|
|
Batting: LHB Alex Morales
|
0-0: Ball 1-0: Ball 2-0: Ball 3-0: Base on Balls
|
|
Batting: RHB Winston Vasquez
|
0-0: Ball Alex Morales steals 2nd base 1-0: DOUBLE (Line Drive, 7LM, EV 100.6 MPH) Alex Morales scores
|
|
Batting: RHB Stewart Walker
|
0-0: Ground out 1-3 (Groundball, 13S, EV 67.5 MPH) Winston Vasquez to third
|
|
Batting: LHB Todd Saunders
|
0-0: Fly out, F8 (Flyball, 8LD, EV 95.0 MPH) Runner from 3rd tags up, SCORES, throw by CF
|
|
Batting: RHB Pete Roberts
|
0-0: Swinging Strike 0-1: Ball 1-1: DOUBLE (Line Drive, 9LS, EV 101.2 MPH)
|
|
Batting: RHB Leo Roldan
|
0-0: Called Strike 0-1: Ground out 5-3 (Groundball, 56S, EV 71.9 MPH)
|
| Top of the 1st over - 2 runs, 2 hits, 0 errors, 1 left on base; Louisiana State University 2 - Florida State University 0 |
| BOTTOM OF THE 1ST |
|
Florida State University Seminoles batting - Pitching for Louisiana State University Tigers : RHP Sal Ganzalez
|
|
Pitching: RHP Sal Ganzalez
|
|
|
Batting: RHB Ray Johnson
|
0-0: SINGLE (Groundball, 6MD, EV 103.1 MPH)
|
|
Batting: RHB Tony Valdez
|
0-0: Ball Ray Johnson is caught stealing 2nd base 2-4 1-0: Called Strike 1-1: Ball 2-1: Ground out 4-3 (Groundball, 4, EV 90.6 MPH)
|
|
Batting: LHB Ethan Ware
|
0-0: Ball 1-0: Called Strike 1-1: Ball 2-1: Foul Ball, location: 2F 2-2: Ball 3-2: Fly out, F7 (Flyball, 7LM, EV 94.4 MPH)
|
| Bottom of the 1st over - 0 runs, 1 hit, 0 errors, 0 left on base; Louisiana State University 2 - Florida State University 0 |
| TOP OF THE 2ND |
|
Louisiana State University Tigers batting - Pitching for Florida State University Seminoles : RHP Greg Wilkinson
|
|
Batting: LHB Oscar Rivera
|
0-0: Ball 1-0: Ball 2-0: Foul Ball, location: 2F 2-1: Swinging Strike 2-2: Foul Ball, location: 2F 2-2: Ball 3-2: Strikes out swinging
|
|
Batting: LHB Matt Ellington
|
0-0: Ball 1-0: DOUBLE (Line Drive, 78D, EV 110.6 MPH)
|
|
Batting: RHB Roku Miyahara
|
0-0: Ball 1-0: Ball Wild Pitch! Matt Ellington to third 2-0: Foul Ball, location: 2F 2-1: Fly out, F7 (Flyball, 7, EV 98.8 MPH) Runner from 3rd tags up, SCORES, throw by LF
|
|
Batting: LHB Alex Morales
|
0-0: Foul Ball, location: 2F 0-1: Ball 1-1: Ball 2-1: Ball 3-1: Ground out 5-3 (Groundball, 5, EV 80.6 MPH)
|
| Top of the 2nd over - 1 run, 1 hit, 0 errors, 0 left on base; Louisiana State University 3 - Florida State University 0 |
| BOTTOM OF THE 2ND |
|
Florida State University Seminoles batting - Pitching for Louisiana State University Tigers : RHP Sal Ganzalez
|
|
Batting: RHB Ed Vilches
|
0-0: Ground out 6-3 (Groundball, 56D, EV 90.6 MPH)
|
|
Batting: SHB Jason Farr
|
0-0: Ball 1-0: Swinging Strike 1-1: Foul Ball, location: 2F 1-2: Strikes out looking
|
|
Batting: RHB Washichi Goto
|
0-0: Ground out 6-3 (Groundball, 6, EV 105.0 MPH)
|
| Bottom of the 2nd over - 0 runs, 0 hits, 0 errors, 0 left on base; Louisiana State University 3 - Florida State University 0 |
| TOP OF THE 3RD |
|
Louisiana State University Tigers batting - Pitching for Florida State University Seminoles : RHP Greg Wilkinson
|
|
Batting: RHB Winston Vasquez
|
0-0: Ball 1-0: Swinging Strike 1-1: Ball 2-1: Ball 3-1: Foul Ball, location: 2F 3-2: Strikes out swinging
|
|
Batting: RHB Stewart Walker
|
0-0: Ball 1-0: SOLO HOME RUN (Flyball, 9LD, EV 95.0 MPH), Distance : 353 ft
|
|
Batting: LHB Todd Saunders
|
0-0: Foul Ball, location: 2F 0-1: Called Strike 0-2: Ball 1-2: Foul Ball, location: 2F 1-2: Foul Ball, location: 2F 1-2: Ball 2-2: Ball 3-2: Base on Balls
|
|
Batting: RHB Pete Roberts
|
0-0: Ball 1-0: Ball 2-0: SINGLE (Groundball, 6D, EV 96.9 MPH) Todd Saunders to second
|
|
Batting: RHB Leo Roldan
|
0-0: Ball 1-0: Called Strike 1-1: SINGLE (Groundball, 6, EV 105.0 MPH) Todd Saunders to third Pete Roberts to second
|
|
Batting: LHB Oscar Rivera
|
0-0: Called Strike 0-1: Swinging Strike 0-2: Foul Ball, location: 2F 0-2: Ball 1-2: Foul Ball, location: 2F 1-2: Strikes out swinging
|
|
Batting: LHB Matt Ellington
|
0-0: Fly out, F9 (Flyball, 89M, EV 88.1 MPH)
|
| Top of the 3rd over - 1 run, 3 hits, 0 errors, 3 left on base; Louisiana State University 4 - Florida State University 0 |
| BOTTOM OF THE 3RD |
|
Florida State University Seminoles batting - Pitching for Louisiana State University Tigers : RHP Sal Ganzalez
|
|
Batting: RHB Emilio Guerra
|
0-0: Ball 1-0: Ball 2-0: Ball 3-0: Called Strike 3-1: Swinging Strike 3-2: Base on Balls
|
|
Batting: RHB J.R. Harvey
|
0-0: Foul Ball, location: 2F 0-1: Called Strike 0-2: Ball 1-2: Ball 2-2: Fielders Choice at 2nd, 1-4 (Groundball, 15, EV 62.5 MPH)
|
|
Batting: RHB Terry Cisneros
|
0-0: Called Strike 0-1: Grounds into double play, 6-4-3 (Groundball, 6, EV 101.9 MPH)
|
| Bottom of the 3rd over - 0 runs, 0 hits, 0 errors, 0 left on base; Louisiana State University 4 - Florida State University 0 |
| TOP OF THE 4TH |
|
Louisiana State University Tigers batting - Pitching for Florida State University Seminoles : RHP Greg Wilkinson
|
|
Pitching: LHP Tsuyashi Kurosawa
|
|
|
Batting: RHB Roku Miyahara
|
0-0: Ball 1-0: Foul Ball, location: 2F 1-1: Foul Ball, location: 2F 1-2: Foul Ball, location: 2F 1-2: Foul Ball, location: 2F 1-2: Ball 2-2: Foul Ball, location: 2F 2-2: Ball 3-2: Strikes out swinging
|
|
Batting: LHB Alex Morales
|
0-0: Foul Ball, location: 2F 0-1: Called Strike 0-2: Strikes out swinging
|
|
Batting: RHB Winston Vasquez
|
0-0: Ground out 5-3 (Groundball, 56, EV 101.9 MPH)
|
| Top of the 4th over - 0 runs, 0 hits, 0 errors, 0 left on base; Louisiana State University 4 - Florida State University 0 |
| BOTTOM OF THE 4TH |
|
Florida State University Seminoles batting - Pitching for Louisiana State University Tigers : RHP Sal Ganzalez
|
|
Batting: RHB Ray Johnson
|
0-0: Called Strike 0-1: Fly out, F7 (Flyball, 78M, EV 95.0 MPH)
|
|
Batting: RHB Tony Valdez
|
0-0: Called Strike 0-1: Swinging Strike 0-2: Ball 1-2: Ground out 5-3 (Groundball, 5, EV 101.9 MPH)
|
|
Batting: LHB Ethan Ware
|
0-0: Ball 1-0: Ball 2-0: Ball 3-0: Called Strike 3-1: Foul Ball, location: 2F 3-2: Foul Ball, location: 2F 3-2: Foul Ball, location: 2F 3-2: Base on Balls
|
|
Pitching: LHP Logan Corrigan
|
|
|
Batting: RHB Ed Vilches
|
0-0: Ball Ethan Ware is caught stealing 2nd base 2-4
|
| Bottom of the 4th over - 0 runs, 0 hits, 0 errors, 0 left on base; Louisiana State University 4 - Florida State University 0 |
| TOP OF THE 5TH |
|
Louisiana State University Tigers batting - Pitching for Florida State University Seminoles : LHP Tsuyashi Kurosawa
|
|
Now at 3B: Jeff Shields
|
|
|
Batting: RHB Stewart Walker
|
0-0: Fly out, F4 (Popup, 4S, EV 83.8 MPH)
|
|
Batting: RHB Peter Turcotte
|
0-0: SINGLE (Groundball, 4MD, EV 106.2 MPH)
|
|
Pinch Hitting: SHB Marshall Miller
|
0-0: Ball Peter Turcotte is caught stealing 2nd base 2-4 1-0: Ball 2-0: Ball 3-0: Base on Balls
|
|
Batting: RHB Leo Roldan
|
0-0: Hit by Pitch Marshall Miller to second
|
|
Batting: LHB Oscar Rivera
|
0-0: Ball 1-0: Ball 2-0: Ball 3-0: Called Strike 3-1: Base on Balls Marshall Miller to third Leo Roldan to second
|
|
Batting: LHB Matt Ellington
|
0-0: Called Strike 0-1: Ball 1-1: Ball 2-1: Fielders Choice at 2nd, 6-4 (Groundball, 56, EV 102.5 MPH)
|
| Top of the 5th over - 0 runs, 1 hit, 0 errors, 3 left on base; Louisiana State University 4 - Florida State University 0 |
| BOTTOM OF THE 5TH |
|
Florida State University Seminoles batting - Pitching for Louisiana State University Tigers : LHP Logan Corrigan
|
|
Pitching: LHP Luis Sandoval
|
|
|
Now at C: Stone Fraser
|
|
|
Now at 1B: David Olivarez
|
|
|
Now at SS: David Dye
|
|
|
Now in LF: Carsten Obenauer
|
|
|
Batting: RHB Ed Vilches
|
0-0: Swinging Strike 0-1: Foul Ball, location: 2F 0-2: Foul Ball, location: 2F 0-2: Ball 1-2: Ball 2-2: Fly out, F7 (Flyball, 78S, EV 83.8 MPH)
|
|
Batting: SHB Jason Farr
|
0-0: Called Strike 0-1: Ground out 6-3 (Groundball, 6MS, EV 93.1 MPH)
|
|
Batting: RHB Washichi Goto
|
0-0: Ground out U3 (Groundball, 3, EV 86.9 MPH)
|
| Bottom of the 5th over - 0 runs, 0 hits, 0 errors, 0 left on base; Louisiana State University 4 - Florida State University 0 |
| TOP OF THE 6TH |
|
Louisiana State University Tigers batting - Pitching for Florida State University Seminoles : LHP Tsuyashi Kurosawa
|
|
Pitching: RHP Jerry Strickland
|
|
|
Now at C: Johnny Sherwood
|
|
|
Now at 2B: Jon Odle
|
|
|
Now in LF: Ruben Moreno
|
|
|
Pinch Hitting: RHB Elvin Ruffolo
|
0-0: Ball 1-0: Ball 2-0: Ball 3-0: Base on Balls
|
|
Pinch Hitting: LHB Elijah Mallandain
|
0-0: Called Strike Elvin Ruffolo is caught stealing 2nd base 2-6 0-1: Ball 1-1: Foul Ball, location: 2F 1-2: Ball 2-2: Fly out, F8 (Flyball, 8RD, EV 103.1 MPH)
|
|
Pinch Hitting: RHB Byung-hee Jee
|
0-0: Ground out 3-1 (Groundball, 34S, EV 64.4 MPH)
|
| Top of the 6th over - 0 runs, 0 hits, 0 errors, 0 left on base; Louisiana State University 4 - Florida State University 0 |
| BOTTOM OF THE 6TH |
|
Florida State University Seminoles batting - Pitching for Louisiana State University Tigers : LHP Luis Sandoval
|
|
Pitching: RHP Jessie Amann
|
|
|
Now at 2B: Keith Ashton
|
|
|
Now at 3B: Steve McCoig
|
|
|
Now in CF: Elijah Mallandain
|
|
|
Now in RF: Manny Grado
|
|
|
Batting: RHB Emilio Guerra
|
0-0: Called Strike 0-1: Ball 1-1: Swinging Strike 1-2: Foul Ball, location: 2F 1-2: Ball 2-2: SINGLE (Groundball, 34D, EV 105.0 MPH)
|
|
Batting: RHB J.R. Harvey
|
0-0: Ball 1-0: Ball 2-0: Fielders Choice at 2nd, 6-4 (Groundball, 6M, EV 83.8 MPH)
|
|
Batting: RHB Terry Cisneros
|
0-0: Ball 1-0: Ball J.R. Harvey steals 2nd base 2-0: Ball 3-0: Ground out 5-3 (Groundball, 5, EV 98.1 MPH)
|
|
Batting: RHB Ruben Moreno
|
0-0: Called Strike 0-1: Ball 1-1: Ball 2-1: Swinging Strike 2-2: Foul Ball, location: 2F 2-2: Foul Ball, location: 2F 2-2: Strikes out swinging
|
| Bottom of the 6th over - 0 runs, 1 hit, 0 errors, 1 left on base; Louisiana State University 4 - Florida State University 0 |
| TOP OF THE 7TH |
|
Louisiana State University Tigers batting - Pitching for Florida State University Seminoles : RHP Jerry Strickland
|
|
Batting: RHB David Dye
|
0-0: Ball 1-0: Ball 2-0: DOUBLE (Line Drive, 89D, EV 96.9 MPH)
|
|
Batting: RHB Peter Turcotte
|
0-0: Called Strike 0-1: Ground out 6-3 (Groundball, 6, EV 81.2 MPH) David Dye to third
|
|
Batting: SHB Stone Fraser
|
0-0: Ball 1-0: Ball 2-0: Called Strike 2-1: DOUBLE (Flyball, 9D, EV 94.4 MPH) David Dye scores
|
|
Batting: LHB Manny Grado
|
0-0: Called Strike 0-1: Called Strike 0-2: Ball 1-2: Foul Ball, location: 2F 1-2: Ball 2-2: Foul Ball, location: 2F 2-2: Foul Ball, location: 2F 2-2: Strikes out swinging
|
|
Batting: RHB David Olivarez
|
0-0: Ball 1-0: Ball 2-0: Ball 3-0: Called Strike 3-1: Ground out 4-3 (Groundball, 4, EV 89.4 MPH)
|
| Top of the 7th over - 1 run, 2 hits, 0 errors, 1 left on base; Louisiana State University 5 - Florida State University 0 |
| BOTTOM OF THE 7TH |
|
Florida State University Seminoles batting - Pitching for Louisiana State University Tigers : RHP Jessie Amann
|
|
Batting: SHB Jon Odle
|
0-0: Foul Ball, location: 2F 0-1: Ball 1-1: Foul Ball, location: 2F 1-2: Strikes out swinging
|
|
Batting: LHB Jeff Shields
|
0-0: Foul Ball, location: 2F 0-1: Foul Ball, location: 2F 0-2: Ball 1-2: Ball 2-2: Foul Ball, location: 2F 2-2: Ball 3-2: SINGLE (Line Drive, 6D, EV 101.9 MPH)
|
|
Pitching: RHP Rogelio Rivera
|
|
|
Batting: RHB Johnny Sherwood
|
0-0: Ball 1-0: Fly out, F9 (Line Drive, 9S, EV 94.4 MPH)
|
|
Batting: RHB David Lucarelli
|
0-0: Called Strike 0-1: Foul Ball, location: 2F 0-2: SINGLE (Groundball, 34D, EV 104.4 MPH) Jeff Shields to second Runner from 2nd tries for 3rd, SAFE, throw by RF made to third
|
|
Pinch Hitting: LHB Kuang-an Liu
|
0-0: Ball 1-0: Called Strike 1-1: Foul Ball, location: 2F 1-2: Ball 2-2: DOUBLE (Flyball, 89D, EV 93.8 MPH) Jeff Shields scores David Lucarelli to third
|
|
Pinch Hitting: LHB Brian Clayton
|
0-0: Called Strike 0-1: Foul Ball, location: 2F 0-2: Foul Ball, location: 2F 0-2: Strikes out swinging
|
| Bottom of the 7th over - 1 run, 3 hits, 0 errors, 2 left on base; Louisiana State University 5 - Florida State University 1 |
| TOP OF THE 8TH |
|
Louisiana State University Tigers batting - Pitching for Florida State University Seminoles : RHP Jerry Strickland
|
|
Pitching: LHP Nick Linkletter
|
|
|
Now in CF: Brian Clayton
|
|
|
Now in RF: Kuang-an Liu
|
|
|
Pinch Hitting: RHB Bernie Benavides
|
0-0: Ball 1-0: Called Strike 1-1: Reached via error on a dropped throw from 2B, E3 (Groundball, 4, EV 99.4 MPH)
|
|
Batting: RHB Keith Ashton
|
0-0: Ground out 4-3 (Groundball, 13, EV 90.6 MPH) Bernie Benavides to second
|
|
Batting: LHB Elijah Mallandain
|
0-0: Ball 1-0: Ball 2-0: SINGLE (Line Drive, 8LS, EV 112.5 MPH) Bernie Benavides to third Runner from 3rd tries for Home, throw by CF and OUT! 8-2 Elijah Mallandain to second
|
|
Batting: RHB Steve McCoig
|
0-0: Ball 1-0: Fly out, F7 (Flyball, 7, EV 81.2 MPH)
|
| Top of the 8th over - 0 runs, 1 hit, 1 error, 1 left on base; Louisiana State University 5 - Florida State University 1 |
| BOTTOM OF THE 8TH |
|
Florida State University Seminoles batting - Pitching for Louisiana State University Tigers : RHP Rogelio Rivera
|
|
Pitching: LHP Dan Cunningham
|
|
|
Now in LF: Brian Caruso
|
|
|
Pinch Hitting: RHB Larry Berge
|
0-0: Ball 1-0: Called Strike 1-1: Ball 2-1: Ground out 1-5-3 (Groundball, 15S, EV 100.0 MPH)
|
|
Pinch Hitting: RHB John Hunt
|
0-0: Ball 1-0: Ball 2-0: Ball 3-0: Foul Ball, location: 2F 3-1: Foul Ball, location: 2F 3-2: Base on Balls
|
|
Batting: RHB Ruben Moreno
|
0-0: Ball 1-0: Ball 2-0: Grounds into double play, 4-6-3 (Groundball, 4, EV 103.1 MPH)
|
| Bottom of the 8th over - 0 runs, 0 hits, 0 errors, 0 left on base; Louisiana State University 5 - Florida State University 1 |
| TOP OF THE 9TH |
|
Louisiana State University Tigers batting - Pitching for Florida State University Seminoles : LHP Nick Linkletter
|
|
Pitching: RHP John Scott
|
|
|
Now at 1B: John Hunt
|
|
|
Now at SS: Larry Berge
|
|
|
Pinch Hitting: RHB D.J. Ganz
|
0-0: Fly out, F3 (Popup, 3SF, EV 83.1 MPH)
|
|
Batting: LHB Jon Valdez
|
0-0: Ball 1-0: Called Strike 1-1: Ground out 4-3 (Groundball, 4, EV 84.4 MPH)
|
|
Pinch Hitting: RHB Johnny Healey
|
0-0: Ground out 6-3 (Groundball, 6, EV 83.1 MPH)
|
| Top of the 9th over - 0 runs, 0 hits, 0 errors, 0 left on base; Louisiana State University 5 - Florida State University 1 |
| BOTTOM OF THE 9TH |
|
Florida State University Seminoles batting - Pitching for Louisiana State University Tigers : LHP Dan Cunningham
|
|
Pitching: RHP Jeremy Kolb
|
|
|
Now at C: Shane Howe
|
|
|
Now at 2B: Michael Maier
|
|
|
Now at 3B: Keith Ashton
|
|
|
Now at SS: Steve McCoig
|
|
|
Pinch Hitting: LHB John Doiron
|
0-0: Ball 1-0: Ball 2-0: Foul Ball, location: 2F 2-1: Ball 3-1: Base on Balls
|
|
Batting: LHB Jeff Shields
|
0-0: Ball 1-0: Foul Ball, location: 2F 1-1: Swinging Strike 1-2: Ground out 6-3 (Groundball, 6D, EV 105.6 MPH) John Doiron to second
|
|
Pinch Hitting: RHB Jonathan Bruni
|
0-0: Ball 1-0: SINGLE (Flyball, 6MD, EV 89.4 MPH) John Doiron to third
|
|
Pitching: LHP Clyde Fisher
|
|
|
Batting: RHB David Lucarelli
|
0-0: Grounds into double play, 4-6-3 (Groundball, 4, EV 88.1 MPH)
|
| Bottom of the 9th over - 0 runs, 1 hit, 0 errors, 1 left on base; Louisiana State University 5 - Florida State University 1 |
|